 Dungeon Crawl Stone Soup version 0.17-a0-1646-geb1493d (webtiles) character file.

30680 karlkraus the Peltast (level 13, 0/113 HPs)
             Began as a Minotaur Fighter on Aug 11, 2015.
             Was the Champion of Cheibriados.
             Killed from afar by an electric eel (6 damage)
             ... with a bolt of electricity
             ... on level 3 of the Lair of Beasts on Aug 12, 2015.
             The game lasted 00:51:03 (13262 turns).

karlkraus the Peltast (Minotaur Fighter)           Turns: 13262, Time: 00:51:04

Health: 0/113      AC: 21    Str: 41    XL:     13   Next: 21%
Magic:  12/12      EV: 18    Int: 20    God:    Cheibriados [******]
Gold:   1183       SH: 26    Dex: 34    Spells: 0 memorised, 12 levels left

rFire  + . .     SeeInvis .     P - +2 flail (holy)
rCold  . . .     Rnd*Rage +     O - +0 plate armour
rNeg   + . .     SustAt   .     y - +0 large shield
rPois  +         Gourm    .     (helmet restricted)
rElec  .         Spirit   .     m - +1 cloak
rCorr  .         Warding  .     N - +1 pair of gloves
rMut   .         Stasis   .     n - +0 pair of boots {Stlth+}
MR     .....                    (no amulet)
Stlth  ..........               h - +5 ring of strength
                                K - ring "Jykkink" {rF+ rN+ Slay+3 Stlth-}

@: very slightly contaminated, very slow, not resistant to hostile enchantments,
extremely unstealthy
A: retaliatory headbutt, hooves 1, horns 2, agile 2, berserk 1, poison
resistance, subdued magic 1
a: Bend Time, Temporal Distortion, Slouch, Step From Time, Renounce Religion


You were on level 3 of the Lair of Beasts.
You worshipped Cheibriados.
Cheibriados was exalted by your worship.
You were not hungry.

You visited 4 branches of the dungeon, and saw 17 of its levels.
You also visited: Sewer and Volcano.

You collected 2205 gold pieces.
You spent 1022 gold pieces at shops.

Inventory:

Hand weapons
 c - a cursed -2 dire flail
 E - a +1 flail of crushing
 G - the +5 scythe of Nightmares {venom, rElec Str+4}
   (You found it on level 6 of the Dungeon)

   It poisons the flesh of those it strikes.
   It affects your strength (+4).
   It insulates you from electricity.
 P - a +2 flail of holy wrath (weapon)
Armour
 m - a +1 cloak (worn)
 n - a +0 pair of boots of stealth (worn)
 w - the +3 buckler of Broken Taboos {Stlth+}
   (You found it on level 1 of the Lair of Beasts)

   It makes you more stealthy.
 y - a +0 large shield (worn)
 H - a +1 leather armour of poison resistance
 N - a +1 pair of gloves (worn)
 O - a +0 plate armour (worn)
 R - a +0 steam dragon armour
Rods
 F - a +0 rod of ignition (10/10)
   (You found it on level 8 of the Dungeon)
Jewellery
 b - an uncursed ring of protection from cold
 d - an uncursed amulet of resist corrosion
 h - a +5 ring of strength (right hand)
 B - an uncursed ring of invisibility
 J - an uncursed amulet of stasis
 K - the ring "Jykkink" (left hand) {rF+ rN+ Slay+3 Stlth-}
   (You found it on level 8 of the Dungeon)

   [ring of positive energy]

   It affects your accuracy and damage with ranged weapons and melee attacks
   (+3).
   It protects you from fire.
   It protects you from negative energy.
   It makes you less stealthy.
 L - a cursed ring of teleportation {unknown}
 U - a +4 ring of evasion {unknown}
Scrolls
 g - 8 scrolls of remove curse
 i - 4 scrolls of recharging
 j - 3 scrolls of teleportation
 l - 2 scrolls of fear
 v - a scroll of immolation
 x - a scroll of enchant weapon
 C - 2 scrolls of amnesia
 I - 4 scrolls of noise
 T - a scroll of fog
Potions
 f - a potion of lignification
 o - 3 potions of resistance {unknown}
 p - 3 potions of haste
 s - 6 potions of curing
 t - a potion of invisibility
 A - a potion of might
 M - a potion of berserk rage {unknown}
 Q - a potion of ambrosia {unknown}
 S - 2 potions of brilliance {unknown}
Miscellaneous
 a - a phial of floods
Comestibles
 e - 6 bread rations
 k - 3 beef jerkies
 q - 3 slices of pizza
 u - 4 fruits
 z - 9 meat rations
 D - 3 chunks of flesh


   Skills:
 + Level 10.2 Fighting
 + Level 12.5 Maces & Flails
 + Level 10.4 Armour
 + Level 9.8 Dodging
 + Level 16.2 Shields


You had 12 spell levels left.
You didn't know any spells.

Dungeon Overview and Level Annotations

Branches:
Dungeon (9/15)             Temple (1/1) D:4            Lair (3/8) D:9
 Shoals (0/4) Lair:3          Orc (4/4) D:9             Elf (0/3) Orc:3
  Snake: Lair:3-6    Spider: Lair:3-6

Altars:
Ashenzari
Cheibriados
Elyvilon
Fedhas
Gozag
Kikubaaqudgha
Makhleb
Okawaru
Qazlal
Trog
Vehumet
Xom
The Shining One
Beogh

Shops:
Orc:3 %   Orc:4 [=[(*


Innate Abilities, Weirdness & Mutations

You reflexively headbutt those who attack you in melee.
You have a pair of horns on your head.
You have large cloven feet.
You are very agile. (Dex +4)
You tend to lose your temper in combat.
Your system is resistant to poisons.
Your spells are a little easier to cast, but a little less powerful.


Message History

Your unstable footing causes you to fumble your attack.
The electric eel shoots out a bolt of lightning at you!
The bolt of electricity hits you!
The bolt of electricity hits the plant.
The plant is destroyed!
You hit the plant but do no damage.
You headbutt the plant, but do no damage.
The plant is severely damaged.
Drink which item? (? for menu, Esc to quit)
Okay, then.
Read which item? (? for menu, Esc to quit)
Blink to where?
Press: ? - help, Dir - move target cursor You are very lightly contaminated with residual magic.
As you read the scroll of blinking, it crumbles to dust.
The electric eel shoots out a bolt of lightning at you!
The bolt of electricity hits the plant.
The bolt of electricity hits you!
* * * LOW HITPOINT WARNING * * *
The electric eel shoots out a bolt of lightning at you!
The bolt of electricity hits the plant.
The bolt of electricity hits you!
You die...

###......### #..##
#....## ##....## #..≈###
......# #####....#
##..§§≈# .........
#..#.....## #...≈≈##
#...##.... ........(.#
##..≈≈# #### ###...
.<....<...# #..≈## ##.
......#....# #..#####
..#.......## ##..##..##
......#...# #..@...(.#
### .##......##
##.......###P##♣♣♣
.#....##
##......PPP≈≈≈≈≈♣♣♣
.##....P
#P......P≈≈P≈≈≈≈≈♣ ##
##....
###.....P≈≈≈≈P≈≈≈≈P
###P.......;≈≈P≈≈≈≈≈P
...#.P....#....≈§≈≈≈≈≈≈≈
..............P≈P≈≈≈≈≈≈≈
P...#.......$.≈≈≈≈≈≈≈≈≈≈


You could see an electric eel.

Vanquished Creatures
  Donald (Orc:4)
  An orc warlord (Orc:4)
  A hydra (Lair:1)
  An orc high priest (Orc:4)
  The ghost of matakusis the Ducker, an experienced DsGl of Makhleb (Lair:1)
  4 death yaks (Lair:1)
  Nergalle (Orc:4)
  4 orc knights (Orc:4)
  A griffon (Lair:3)
  An orc sorcerer (Orc:4)
  A cyclops (Orc:3)
  Maurice (Orc:3)
  A manticore (Lair:3)
  A black mamba (Lair:1)
  2 spiny frogs (Lair:1)
  A fire drake (D:9)
  2 komodo dragons
  A guardian mummy (Volcano)
  A two-headed ogre (D:9)
  4 minotaur skeletons (Volcano)
  A wyvern (D:9)
  2 vampires (Volcano)
  2 flying skulls (Volcano)
  A deep elf mage (D:9)
  9 yaks (Lair:1)
  3 wargs
  5 hippogriffs
  3 hungry ghosts
  Menkaure (D:5)
  A hill giant skeleton (Volcano)
  9 wolves
  Edmund (D:4)
  7 water moccasins
  2 merfolk skeletons (Volcano)
  Duvessa (D:6)
  28 orc warriors
  2 ice beasts (D:6)
  3 sky beasts (D:8)
  A black bear (D:9)
  8 porcupines
  9 ogres
  5 crocodiles
  4 centaurs
  10 giant frogs
  A big kobold (Sewer)
  A water moccasin zombie (D:6)
  10 scorpions
  Dowan (D:6)
  A water moccasin skeleton (D:4)
  5 wights (D:7)
  6 killer bees (D:8)
  An electric eel (Lair:3)
  3 troll skeletons (Volcano)
  3 crimson imps
  2 vampire bats (Lair:1)
  25 orc priests
  6 hounds
  A centaur skeleton (D:4)
  2 centaur zombies
  A jelly (D:9)
  5 iguanas
  14 worker ants
  38 orc wizards
  A statue (D:6)
  A two-headed ogre skeleton (Volcano)
  An ogre skeleton (Volcano)
  A hound zombie (D:6)
  A hound skeleton (D:8)
  2 mummies (Volcano)
  13 gnolls
  3 worker ant zombies
  16 adders
  8 river rats
  2 shadow imps
  2 adder skeletons
  2 worms
  7 giant geckos
  140 orcs
  9 bats
  10 giant cockroaches
  9 goblins
  8 hobgoblins
  9 quokkas
  2 ball pythons
  A giant cockroach zombie (D:6)
  A giant gecko zombie (D:7)
  5 giant newts
  13 jackals
  A jackal skeleton (D:7)
  12 kobolds
  10 rats
  A plant (Lair:3)
566 creatures vanquished.

Vanquished Creatures (others)
  3 fungi
  A plant (Lair:3)
4 creatures vanquished.

Grand Total: 570 creatures vanquished

Notes
Turn   | Place    | Note
--------------------------------------------------------------
     0 | D:1      | karlkraus the Minotaur Fighter began the quest for the Orb.
     0 | D:1      | Reached XP level 1. HP: 19/19 MP: 0/0
   113 | D:1      | Reached XP level 2. HP: 22/27 MP: 1/1
   487 | D:1      | Reached skill level 4 in Shields
   682 | D:1      | Reached XP level 3. HP: 30/33 MP: 2/2
  1045 | D:2      | Reached XP level 4. HP: 18/40 MP: 3/3
  1285 | D:2      | Reached skill level 1 in Dodging
  1363 | D:2      | Found a white marble altar of Elyvilon.
  1509 | D:3      | Reached skill level 5 in Shields
  1523 | D:3      | Found an iron altar of Okawaru.
  1642 | D:3      | Reached XP level 5. HP: 26/46 MP: 4/4
  1810 | D:3      | Reached skill level 5 in Armour
  2153 | D:4      | Found a snail-covered altar of Cheibriados.
  2199 | D:4      | Noticed an ogre
  2205 | D:4      | Killed an ogre
  2205 | D:4      | Reached XP level 6. HP: 26/55 MP: 5/5
  2386 | D:4      | Reached skill level 5 in Fighting
  2617 | D:4      | Reached XP level 7. HP: 39/61 MP: 6/6
  2660 | D:4      | Reached skill level 6 in Shields
  2871 | D:4      | Found a staircase to the Ecumenical Temple.
  2985 | D:4      | Noticed Edmund
  3012 | D:4      | Killed Edmund
  3154 | D:4      | Noticed an ogre
  3165 | D:4      | Killed an ogre
  3202 | D:5      | Entered Level 5 of the Dungeon
  3230 | D:5      | Noticed Menkaure
  3235 | D:5      | Killed Menkaure
  3235 | D:5      | Reached skill level 7 in Shields
  3235 | D:5      | Reached XP level 8. HP: 28/70 MP: 7/7
  3333 | Temple   | Entered the Ecumenical Temple
  3543 | D:5      | Found an ancient bone altar of Kikubaaqudgha.
  3569 | D:4      | Became a worshipper of Cheibriados the Contemplative
  3708 | D:5      | Found a blossoming altar of Fedhas.
  3898 | D:6      | Reached skill level 5 in Dodging
  3914 | D:6      | Reached skill level 5 in Maces & Flails
  3953 | D:6      | Acquired Cheibriados's first power
  3953 | D:6      | Reached skill level 8 in Shields
  4144 | D:6      | Found a glowing drain.
  4149 | Sewer    | Entered a sewer
  4238 | Sewer    | Found a glowing silver altar of Zin.
  4353 | D:6      | Reached XP level 9. HP: 75/75 MP: 8/8
  4569 | D:6      | Reached skill level 9 in Shields
  4843 | D:6      | Found a radiant altar of Vehumet.
  4892 | D:6      | Noticed Dowan
  4893 | D:6      | Noticed Duvessa
  4897 | D:6      | Killed Dowan
  4906 | D:6      | Killed Duvessa
  4925 | D:6      | Got a brightly glowing scythe
  5503 | D:7      | Identified the +5 scythe of Nightmares {venom, rElec Str+4} (You found it on level 6 of the Dungeon)
  5714 | D:7      | Acquired Cheibriados's second power
  5840 | D:7      | Found a burning altar of Makhleb.
  6075 | D:7      | Reached skill level 10 in Shields
  6567 | D:8      | Acquired Cheibriados's third power
  6661 | D:8      | Reached XP level 10. HP: 82/86 MP: 9/9
  6775 | D:8      | Got a warped granite ring
  6781 | D:8      | Identified the ring "Jykkink" {rF+ rN+ Slay+3 Stlth-} (You found it on level 8 of the Dungeon)
  6804 | D:8      | Identified a +0 rod of ignition (10/10) (You found it on level 8 of the Dungeon)
  6918 | D:8      | Gained mutation: You are agile. (Dex +2) [mutagenic meat]
  6919 | D:8      | Gained mutation: Your spells are a little easier to cast, but a little less powerful. [mutagenic meat]
  6920 | D:8      | Gained mutation: You tend to lose your temper in combat. [mutagenic meat]
  6922 | D:8      | Gained mutation: Your system is resistant to poisons. [mutagenic meat]
  6923 | D:8      | Gained mutation: You have large cloven feet. [mutagenic meat]
  7082 | D:9      | Acquired Cheibriados's fourth power
  7082 | D:9      | Reached skill level 11 in Shields
  7172 | D:9      | Found a staircase to the Orcish Mines.
  7484 | D:9      | Found a staircase to the Lair.
  8058 | Orc:1    | Entered Level 1 of the Orcish Mines
  8458 | Orc:1    | Reached skill level 12 in Shields
  8733 | Orc:1    | Gained mutation: You are very agile. (Dex +4) [potion of beneficial mutation]
  8888 | Orc:3    | Reached XP level 11. HP: 87/94 MP: 10/10
  9035 | Orc:3    | Found Daguavve's Food Shop.
  9070 | Orc:3    | Found a staircase to the Elven Halls.
  9142 | Orc:3    | Found a burning altar of Makhleb.
  9142 | Orc:3    | Noticed Maurice
  9151 | Orc:3    | Killed Maurice
  9400 | Orc:4    | Entered Level 4 of the Orcish Mines
  9400 | Orc:4    | Found a roughly hewn altar of Beogh.
  9528 | Orc:4    | Noticed Donald
  9536 | Orc:4    | Noticed an orc warlord
  9538 | Orc:4    | Noticed an orc high priest
  9545 | Orc:4    | Killed Donald
  9545 | Orc:4    | Reached skill level 13 in Shields
  9550 | Orc:4    | Killed an orc warlord
  9558 | Orc:4    | Killed an orc high priest
  9587 | Orc:4    | Noticed Nergalle
  9967 | Orc:4    | Reached skill level 10 in Maces & Flails
 10047 | Orc:4    | Reached skill level 14 in Shields
 10113 | Orc:4    | Reached XP level 12. HP: 72/104 MP: 11/11
 10206 | Orc:4    | Killed Nergalle
 10211 | Orc:4    | Found a roughly hewn altar of Beogh.
 10220 | Orc:4    | Found Haejuc's General Store.
 10434 | Orc:4    | Bought a +5 ring of strength for 576 gold pieces
 10444 | Orc:4    | Found Amoeror's Antique Armour Boutique.
 10452 | Orc:4    | Bought a runed cloak for 126 gold pieces
 10735 | Orc:4    | Found Utiecuoj's Antique Weapon Boutique.
 10750 | Orc:4    | Found Otso's Jewellery Boutique.
 10757 | Orc:4    | Bought an uncursed amulet of resist corrosion for 320 gold pieces
 10797 | Orc:4    | Found Mass's Armour Boutique.
 11027 | Lair:1   | Entered Level 1 of the Lair of Beasts
 11181 | Lair:1   | Got a spiked buckler
 11192 | Lair:1   | Reached skill level 15 in Shields
 11327 | Lair:1   | Noticed matakusis's ghost (experienced DsGl)
 11345 | Lair:1   | Killed matakusis's ghost
 11345 | Lair:1   | Reached skill level 10 in Armour
 11594 | Lair:1   | Identified the +3 buckler of Broken Taboos {Stlth+} (You found it on level 1 of the Lair of Beasts)
 11757 | Lair:1   | Noticed a four-headed hydra
 11763 | Lair:1   | Killed a four-headed hydra
 12060 | Lair:2   | Reached skill level 10 in Fighting
 12409 | Lair:2   | Reached XP level 13. HP: 113/113 MP: 12/12
 12719 | Lair:3   | Found a staircase to the Shoals.
 12736 | Lair:3   | Reached skill level 16 in Shields
 12791 | Lair:3   | Found a dark tunnel.
 12809 | Volcano  | Entered a volcano
 13261 | Lair:3   | HP: 5/113 [electric eel/bolt of electricity (5)]
 13262 | Lair:3   | Killed from afar by an electric eel

Vault maps used:
D:1:      minmay_arrival_shattered_statue, minmay_misc_feat_iff, minivault_23
D:2:      lemuel_coloured_pillars_altar
D:3:      lemuel_round_altar, first_bread
D:4:      nicolae_overflow_hidden_temple, minmay_temple_entry_trees, uniq_edmund
D:5:      nicolae_overflow_crystal_walls, lemuel_crystal_altar, uniq_menkaure
D:6:      vehumet_statue, gup_sewer_entry_bowl, uniq_duvessa
D:7:      kennysheep_mini_moat
D:9:      minmay_lair_entry_lava
Temple:   eino_temple_water_12
Lair:1:   roderic_batcave, cheibrodos_lair_reptile_den
Lair:2:   serial_bayou_shore_b
Lair:3:   minmay_shoals_entry_beasts, nicolae_volcano_entry_hallway,
          serial_bayou_shore_a, uniq_gastronok
Orc:2:    amalloy_card_club, uniq_josephine
Orc:3:    serial_shops, nicolae_shop_window_shopping, basic_altar,
          nicolae_orc_pool_cavern, uniq_maurice
Orc:4:    grunt_orc_cross, basic_altar, serial_shops, shop, uniq_donald
Sewer:    sewer_kobolds
Volcano:  volcano_tomb

Action                   |  1- 3 |  4- 6 |  7- 9 | 10-12 | 13-15 || total
-------------------------+-------+-------+-------+-------+-------++-------
Melee: Flail             |   115 |   174 |   402 |   679 |   115 ||  1485
  Use: Potion            |       |     1 |       |     6 |     2 ||     9
       Scroll            |       |       |    11 |    16 |     1 ||    28
 Stab: Sleeping          |       |       |     8 |     3 |       ||    11
       Distracted        |       |       |     2 |       |       ||     2
       Invisible         |       |       |       |     5 |       ||     5
  Eat: Chunk             |       |     5 |    11 |    18 |     3 ||    37
       Fruit             |       |     1 |       |       |       ||     1
